 Dungeon Sprint DCSS version 0.27-a0-78-g75406f0b48 (webtiles) character file.

Game seed: 375129250612372449

7451 mhtbhm the Sorcerer (level 10, -36/45 (50) HPs)
             Began as a Deep Elf Earth Elementalist on Jan 14, 2021.
             Was the Champion of Vehumet.
             Killed from afar by a deep elf death mage (57 damage)
             ... with a bolt of negative energy
             ... in the Dungeon (Sprint III: "The Ten Rune Challenge").
             The game lasted 00:06:25 (1621 turns).

mhtbhm the Sorcerer (Deep Elf Earth Elementalist)   Turns: 1621, Time: 00:06:26

HP:   -36/45 (50)   AC:  3    Str:  5    XL:     10   Next: 93%
MP:   0/37          EV: 16    Int: 24    God:    Vehumet [******]
Gold: 1395          SH:  0    Dex: 15    Spells: 31/51 levels left

rFire    . . .     SeeInvis .   a - +3 quarterstaff (chaos)
rCold    . . .     Faith    .   (shield currently unavailable)
rNeg     . . .     Spirit   .   c - +0 robe
rPois    .         Reflect  .   (no helmet)
rElec    .         Harm     .   p - +0 cloak
rCorr    .         Rampage  .   (no gloves)
Will     +....     NoTele   +   (no boots)
Stlth    +++.......             (no amulet)
HPRegen  0.15/turn              (no ring)
MPRegen  0.25/turn              (no ring)

@: heavily drained
A: no striking features
a: Renounce Religion


You were in the Dungeon.
You worshipped Vehumet.
Vehumet was exalted by your worship.
You visited 1 branch You collected 1395 gold pieces.

Inventory:

Hand Weapons
 a - a +3 quarterstaff of chaos (weapon)
Missiles
 b - 12 stones
Armour
 c - a +0 robe (worn)
 p - a +0 cloak (worn)
Scrolls
 i - a scroll of blinking
 j - 3 scrolls of identify
 k - 4 scrolls of remove curse
 m - a scroll of torment {unknown}
 q - a scroll of immolation {unknown}
Potions
 d - 3 potions of curing
 e - a potion of heal wounds
 f - a potion of haste
 g - 2 potions of magic
 h - 2 potions of berserk rage
 l - a potion of attraction {unknown}
 n - a potion of flight {unknown}
 o - 6 potions of mutation
 r - a potion of might
Miscellaneous
 s - a condenser vane (inert)


   Skills:
 + Level 6.7 Dodging
 - Level 4.1 Stealth
 + Level 21.3 Spellcasting
 + Level 3.8 Conjurations
 + Level 4.7 Transmutations
 + Level 18.2 Earth Magic
 + Level 1.1 Evocations


You had 31 spell levels left.
You knew the following spells:

 Your Spells              Type           Power        Failure   Level
a - Sandblast             Erth           100%         0%          1
b - Passwall              Tmut/Erth      57%          1%          2
c - Stone Arrow           Conj/Erth      100%         1%          3
d - Lee's Rapid Deconstr  Erth           42%          1%          5
e - Petrify               Tmut/Erth      69%          1%          4
f - Bolt of Magma         Conj/Fire/Erth 28%          1%          5

Your spell library contained the following spells:

 Spells                   Type           Power        Failure   Level
 Iskenderun's Battlesphe  Conj           44%          2%          5
 Animate Skeleton         Necr           50%          1%          1
 Apportation              Tloc           50%          1%          1
 Corona                   Hex            27%          1%          1
 Summon Small Mammal      Summ           100%         1%          1


Dungeon Overview and Level Annotations

Branches:
Dungeon (1/1)

Altars:
Cheibriados
Dithmenos
Elyvilon
Fedhas
Gozag
Hepliaklqana
Kikubaaqudgha
Makhleb
Nemelex Xobeh
Okawaru
Qazlal
Ru
Sif Muna
Trog
Uskayaw
Vehumet
Wu Jian
Xom
Yredelemnul
Zin
The Shining One
Beogh
Jiyva
Lugonu

Shops:
D }


Message History

Unknown command.
Evoke which item? (* to show all) (? for menu, Esc to quit)
Okay, then.
Casting: Sandblast (safe; 0% risk of failure)
Confirm with . or Enter, or press ? or * to list all spells.
Aiming: Sandblast (safe; 0% risk of failure)
Press: ? - help, Shift-Dir - straight line, f/p - deep elf death mage
Aim: a deep elf death mage, wielding a +0 morningstar of protection, wearing the +0 steam dragon scales "Ulown" {+Fly Dex+3} and wearing the ring of Vemnoal {rElec rPois rF- rC+} (almost dead, 22% to evade)
The blast of sand misses the deep elf death mage.
The deep elf death mage hits you with a +0 morningstar of protection.
Unknown command.
Evoke which item? (* to show all) (? for menu, Esc to quit)
Clouds of freezing vapour condense around you!
The condenser dries out!
The lost soul is engulfed in freezing vapours.
The deep elf death mage is engulfed in freezing vapours.
The deep elf death mage gestures at you while chanting.
The bolt of negative energy hits you!!!
You feel drained.
Ouch! That really hurt!
You die...

▓▓▓ ▓▓▓▓▓
#####.######.#*#######
_#__##.#.._##.§§§#...#
.#)_#.).......##@#...##≈
##'##.)))))...##e#...≈≈≈
....#.))[))...##§#)..##≈
....#.##∩#.#####.))..#
###'#..##### #######
#...#(#####################
#...#....#.#.#.....#.^....+
#...##.#).#.##.###)#......#
#...'##.#.#.##.#..##.^.^.^#


You could see a deep elf death mage and a lost soul (summoned).

Vanquished Creatures
  Erolcha (D)
  An orc high priest (D)
  6 deep elf magi (D)
  An orc knight (D)
  An orc sorcerer (D)
  3 wandering mushrooms (D)
  2 redbacks (D)
  A shadow (D)
  A spatial vortex (D)
  2 orc warriors (D)
  A necrophage (D)
  5 two-headed ogres (D)
  A water elemental (D)
  Crazy Yiuf (D)
  A jelly (D)
  3 orc priests (D)
  2 orc wizards (D)
  A wizard (D)
  Jessica (D)
  A necromancer (D)
  3 humans (D)
  A kobold demonologist (D)
  An ooze (D)
  8 orcs (D)
  2 rats (D)
51 creatures vanquished.

Notes
Turn   | Place    | Note
-------+----------+-------------------------------------------
     0 | D        | mhtbhm the Deep Elf Earth Elementalist began the quest for
                  | the Orb.
     0 | D        | Reached XP level 1. HP: 10/10 MP: 6/6
     7 | D        | Reached skill level 4 in Spellcasting
   109 | D        | Noticed Jessica
   111 | D        | Killed Jessica
   112 | D        | Reached skill level 5 in Spellcasting
   112 | D        | Reached skill level 5 in Earth Magic
   112 | D        | Reached XP level 2. HP: 15/15 MP: 4/10
   112 | D        | Reached XP level 3. HP: 19/19 MP: 4/12
   129 | D        | Learned a level 2 spell: Passwall
   133 | D        | Learned a level 3 spell: Stone Arrow
   187 | D        | Noticed Crazy Yiuf
   189 | D        | Killed Crazy Yiuf
   190 | D        | Reached skill level 6 in Spellcasting
   258 | D        | Reached skill level 7 in Spellcasting
   258 | D        | Reached XP level 4. HP: 24/24 MP: 11/15
   326 | D        | Noticed a water elemental
   329 | D        | Killed a water elemental
   330 | D        | Reached skill level 8 in Spellcasting
   330 | D        | Reached XP level 5. HP: 28/28 MP: 12/17
   368 | D        | Learned a level 5 spell: Lee's Rapid Deconstruction
   373 | D        | Learned a level 4 spell: Petrify
   376 | D        | Found a radiant altar of Vehumet.
   376 | D        | Found a shimmering blue altar of Sif Muna.
   376 | D        | Found an ancient bone altar of Kikubaaqudgha.
   379 | D        | Reached skill level 9 in Spellcasting
   389 | D        | Became a worshipper of Vehumet
   416 | D        | Found a glowing silver altar of Zin.
   416 | D        | Found a glowing golden altar of the Shining One.
   416 | D        | Found a white marble altar of Elyvilon.
   416 | D        | Noticed a deep elf mage
   418 | D        | Killed a deep elf mage
   419 | D        | Reached skill level 13 in Spellcasting
   419 | D        | Reached XP level 6. HP: 32/32 MP: 8/24
   419 | D        | Reached XP level 7. HP: 36/36 MP: 8/25
   499 | D        | Found a hide-covered altar of Uskayaw.
   499 | D        | Found a roughly hewn altar of Beogh.
   499 | D        | Found an iron altar of Okawaru.
   499 | D        | Found a bloodstained altar of Trog.
   499 | D        | Found an ornate altar of the Wu Jian Council.
   499 | D        | Noticed a human
   499 | D        | Noticed a human
   500 | D        | Killed a human
   502 | D        | Killed a human
   502 | D        | Reached * piety under Vehumet
   502 | D        | Offered knowledge of Foxfire by Vehumet.
   503 | D        | Reached skill level 14 in Spellcasting
   575 | D        | Found a basalt altar of Yredelemnul.
   575 | D        | Found a shadowy altar of Dithmenos.
   575 | D        | Found a sacrificial altar of Ru.
   578 | D        | Reached XP level 8. HP: 36/41 MP: 18/28
   626 | D        | Reached ** piety under Vehumet
   629 | D        | Reached skill level 15 in Spellcasting
   694 | D        | Found a blossoming altar of Fedhas.
   694 | D        | Found a stormy altar of Qazlal.
   694 | D        | Found a snail-covered altar of Cheibriados.
   694 | D        | Found a burning altar of Makhleb.
   694 | D        | Found a shimmering altar of Xom.
   695 | D        | Found a hazy altar of Hepliaklqana.
   695 | D        | Found an opulent altar of Gozag.
   695 | D        | Found a sparkling altar of Nemelex Xobeh.
   695 | D        | Found a corrupted altar of Lugonu.
   695 | D        | Found a viscous altar of Jiyva.
   698 | D        | Offered knowledge of Shock by Vehumet.
   757 | D        | Reached *** piety under Vehumet
   758 | D        | Reached skill level 16 in Spellcasting
   898 | D        | Noticed Erolcha
   899 | D        | Noticed a two-headed ogre
   901 | D        | Killed Erolcha
   901 | D        | Offered knowledge of Ignite Poison by Vehumet.
   902 | D        | Reached skill level 17 in Spellcasting
   902 | D        | Reached skill level 1 in Conjurations
   902 | D        | Reached XP level 9. HP: 45/45 MP: 18/32
   902 | D        | Killed a two-headed ogre
   903 | D        | Reached skill level 18 in Spellcasting
   904 | D        | Noticed a two-headed ogre
   906 | D        | Reached skill level 15 in Earth Magic
   907 | D        | Killed a two-headed ogre
   907 | D        | Reached **** piety under Vehumet
  1042 | D        | Noticed a wandering mushroom
  1046 | D        | Noticed a wandering mushroom
  1050 | D        | Killed a wandering mushroom
  1050 | D        | Offered knowledge of Iskenderun's Mystic Blast by Vehumet.
  1051 | D        | Noticed a wandering mushroom
  1058 | D        | Killed a wandering mushroom
  1059 | D        | Reached skill level 19 in Spellcasting
  1063 | D        | Killed a wandering mushroom
  1189 | D        | Found a roughly hewn altar of Beogh.
  1189 | D        | Noticed an orc high priest
  1189 | D        | Noticed an orc sorcerer
  1189 | D        | Noticed an orc knight
  1190 | D        | Reached ***** piety under Vehumet
  1192 | D        | Reached ****** piety under Vehumet
  1194 | D        | Reached XP level 10. HP: 37/50 MP: 27/35
  1194 | D        | Killed an orc high priest
  1196 | D        | Killed an orc sorcerer
  1197 | D        | Reached skill level 20 in Spellcasting
  1197 | D        | Killed an orc knight
  1202 | D        | Offered knowledge of Bolt of Magma by Vehumet.
  1245 | D        | Learned a level 5 spell: Bolt of Magma
  1400 | D        | Found Vyomnumu's Gadget Shop.
  1550 | D        | Noticed a deep elf mage
  1550 | D        | Noticed a deep elf mage
  1550 | D        | Noticed a deep elf mage
  1550 | D        | Noticed a deep elf mage
  1550 | D        | Noticed a deep elf mage
  1558 | D        | Killed a deep elf mage
  1558 | D        | Offered knowledge of Iskenderun's Battlesphere by Vehumet.
  1559 | D        | Killed a deep elf mage
  1560 | D        | Killed a deep elf mage
  1560 | D        | Killed a deep elf mage
  1561 | D        | Reached skill level 21 in Spellcasting
  1561 | D        | Reached skill level 1 in Evocations
  1561 | D        | Killed a deep elf mage
  1604 | D        | Identified the +0 steam dragon scales "Ulown" {+Fly Dex+3}
  1604 | D        | Identified the ring of Vemnoal {rElec rPois rF- rC+}
  1604 | D        | Noticed a deep elf death mage
  1621 | D        | Killed from afar by a deep elf death mage

Illustrated notes

Levels and vault maps discovered:
D:        dungeon_sprint_mu [sprint_mu_entry_forest, sprint_mu_temple_rooms,
          sprint_mu_d1_spiders, sprint_mu_d2_genie, sprint_mu_d3_branching,
          sprint_mu_orc_legion, sprint_mu_elf_gauntlet, sprint_mu_hive_nellie,
          sprint_mu_lair_fedhas, sprint_mu_vaults_butterflies,
          sprint_mu_slime_circle, sprint_mu_swamp_cave, sprint_mu_shoals_kraken,
          sprint_mu_blade_basic, sprint_mu_crypt_fortress,
          sprint_mu_tomb_spiral, sprint_mu_vestibule_basic,
          sprint_mu_gehenna_hellfire, sprint_mu_dis_giant,
          sprint_mu_tartarus_statrot, sprint_mu_cocytus_islands, sprint_mu_zot1]

Skill      XL: |  1  2  3  4  5  6  7  8  9 10 |
---------------+-------------------------------+-----
Spellcasting   | 5 7 8 13 14 17 19 21 | 21.3
Earth Magic    | 5 6 8 11 12 14 16 18 | 18.2
Dodging        | 3 4 6 |  6.7
Stealth        | 3 4 |  4.1
Transmutations | 3 4 |  4.7
Conjurations   | 1 2 3 |  3.8
Evocations     | 1 |  1.1

Action                   |  1- 3 |  4- 6 |  7- 9 | 10-12 || total
-------------------------+-------+-------+-------+-------++-------
Melee: Quarterstaff      |       |       |       |     1 ||     1
 Cast: Sandblast         |    11 |     3 |       |     4 ||    18
       Stone Arrow       |     1 |       |    11 |       ||    12
       Passwall          |     1 |       |       |     3 ||     4
       Lee's Rapid Decon |       |     3 |    25 |    13 ||    41
       Petrify           |       |       |     1 |       ||     1
Evoke: Condenser vane    |       |       |     1 |     1 ||     2
  Use: Potion            |       |       |       |     1 ||     1
Armor: Robe              |       |       |       |     1 ||     1
Dodge: Dodged            |       |       |     5 |     1 ||     6

Table legend: (Time is in decaauts)
 A = Elapsed time spent in this place.
 B = Non-inter-level travel time spent in this place.
 C = Inter-level travel time spent in this place.
 D = Time resting spent in this place.
 E = Time spent auto-exploring this place.
 F = Levels seen in this place.
 G = Mean time per level.
                   A        B        C        D        E       F      G
               +--------+--------+--------+--------+--------+-----+--------+
         Total |   1624 |   1612 |     12 |   1138 |      1 |   1 | 1624.0 |
       Dungeon |   1624 |   1612 |     12 |   1138 |      1 |   1 | 1624.0 |
               +--------+--------+--------+--------+--------+-----+--------+

Top non-repeatable levels by time:
       D: 1624 daAuts
